 Dungeon Crawl Stone Soup version 0.30-a0-587-gfd7c166f36 (webtiles) character file.

Game seed: 5442520648526923367

292088 Dartaoz the Slayer (level 20, -4/202 HPs)
             Began as a Hill Orc Berserker on Jan 3, 2023.
             Was a High Priest of Trog.
             Slain by an ironbound preserver
             ... wielding a +0 morningstar
              (18 damage)
             ... on level 2 of the Vaults on Jan 4, 2023.
             The game lasted 02:40:49 (37561 turns).

Dartaoz the Slayer (Hill Orc Berserker)            Turns: 37561, Time: 02:40:49

Health: -4/202     AC: 43    Str: 33    XL:     20   Next: 79%
Magic:  10/10      EV: 15    Int:  4    God:    Trog [*****.]
Gold:   3044       SH:  5    Dex: 12    Spells: 19/19 levels left

rFire   + + .      SeeInvis +    q - +7 executioner's axe of Trog's Hatred {antimagic, Dex+2}
rCold   . . .      Faith    .    (shield currently unavailable)
rNeg    . . .      Spirit   .    Z - +6 plate armour
rPois   +          Reflect  +    D - +0 helmet "Hohieph" {rF+}
rElec   .          Harm     .    A - +4 cloak of Safie {Rampage rPois Int-5 SInv}
rCorr   +          Rampage  +    V - +2 pair of gloves
Will    +....                    b - +0 pair of boots of Nonas {rF+ rCorr} Stlth
                                 R - amulet of reflection
HPRegen 0.53/turn                i - +4 ring of protection
MPRegen 0.12/turn                p - +6 ring of strength

@: on berserk cooldown, slowed, very slow
A: no striking features
}: 2/15 runes: serpentine, barnacled
a: Renounce Religion, Berserk, Trog's Hand, Brothers in Arms


You were on level 2 of the Vaults.
You worshipped Trog.
Trog was extremely pleased with you.
You visited 6 branches of the dungeon, and saw 32 of its levels.
You visited 1 bazaar.

You collected 5206 gold pieces.
You spent 2162 gold pieces at shops.

Inventory:

Hand Weapons
 a - a +9 battleaxe of flaming
 n - a +4 battleaxe of freezing
 q - the +7 executioner's axe of Trog's Hatred (weapon) {antimagic, Dex+2}
   (Trog gifted it to you on level 2 of the Orcish Mines)

   It reduces the magical energy of the wielder, and disrupts the spells and
   magical abilities of those it strikes.
   Natural abilities and divine invocations are not affected.
   Dex:       It affects your dexterity (+2).
 M - the +11 broad axe of Gikon {drain, rPois Int+4 SInv}
   (You acquired it on level 6 of the Dungeon)

   A truly terrible weapon, it drains the life of any living foe it strikes.
   Int:       It affects your intelligence (+4).
   rPois:     It protects you from poison.
   SInv:      It lets you see invisible.
Missiles
 y - a throwing net
Armour
 b - the +0 pair of boots of Nonas (worn) {rF+ rCorr}
   (You found it on level 1 of the Lair of Beasts)

   rF:        It protects you from fire.
   rCorr:     It protects you from acid and corrosion.
 x - the +3 plate armour of the Blizzard {rF- rC+ Dex+3}
   (You found it on level 4 of the Shoals)

   Dex:       It affects your dexterity (+3).
   rF:        It makes you vulnerable to fire.
   rC:        It protects you from cold.
 A - the +4 cloak of Safie (worn) {Rampage rPois Int-5 SInv}
   (You acquired it on level 4 of the Dungeon)

   Int:       It affects your intelligence (-5).
   rPois:     It protects you from poison.
   SInv:      It lets you see invisible.
   Rampage:   It bestows one free step when moving towards enemies.
 D - the +0 helmet "Hohieph" (worn) {rF+}
   (You found it on level 4 of the Snake Pit)

   rF:        It protects you from fire.
 H - a +1 plate armour of willpower
 V - a +2 pair of gloves (worn)
 Z - a +6 plate armour (worn)
Jewellery
 h - a ring of resist corrosion
 i - a +4 ring of protection (left hand)
 o - a ring of see invisible
 p - a +6 ring of strength (right hand)
 s - the amulet "Pegg" {Spirit rF+ Str+6}
   (You bought it in a shop on level 3 of the Shoals)

   [amulet of guardian spirit]

   It causes incoming damage to be divided between your reserves of health and
   magic.
   Str:       It affects your strength (+6).
   rF:        It protects you from fire.
 t - a ring of protection from fire
 B - a +4 ring of protection
 J - a ring of flight
 R - an amulet of reflection (around neck)
 S - a ring of positive energy
 U - the amulet of Pantheism {Reflect Will- Dex+6 SH+5}
   (You found it on level 10 of the Dungeon)

   [amulet of reflection]

   It reflects blocked missile attacks.
   Dex:       It affects your dexterity (+6).
   SH:        It affects your SH (+5).
   Will:      It decreases your willpower.
 X - an amulet of regeneration
Wands
 d - a wand of iceblast (11)
 e - a wand of charming (4)
 r - a wand of light (9)
 w - a wand of flame (12)
 C - a wand of digging (3)
 F - a wand of mindburst (16)
 P - a wand of polymorph (9)
Scrolls
 f - 5 scrolls of blinking
 l - 18 scrolls of teleportation
 u - 16 scrolls of identify
 v - 5 scrolls of poison
 z - 6 scrolls of fear
 K - a scroll of enchant weapon
 L - 3 scrolls of magic mapping
 N - 4 scrolls of silence
 Y - 4 scrolls of fog
Potions
 c - 21 potions of curing
 g - 3 potions of might
 j - 9 potions of haste
 k - 5 potions of invisibility
 m - 4 potions of resistance
 E - 6 potions of cancellation
 G - a potion of heal wounds
 I - a potion of magic
 O - 2 potions of ambrosia
 W - 4 potions of flight


   Skills:
 + Level 22.7 Fighting
 + Level 20.4 Axes
 + Level 20.9 Armour
 + Level 16.5 Dodging
 + Level 13.7 Invocations


You had 19 spell levels left.
You didn't know any spells.
Your spell library was empty.

Dungeon Overview and Level Annotations

Branches:
Dungeon (15/15)            Temple (0/1) D:4            Lair (5/5) D:8
 Shoals (4/4) Lair:2        Snake (4/4) Lair:2        Slime (0/5) Lair:5
    Orc (2/2) D:9             Elf (0/3) Orc:2        Vaults (2/5) D:14
 Depths (0/4) D:15
  Crypt: Vaults:2-3

Altars:
Dithmenos
Kikubaaqudgha
Makhleb
Okawaru
Uskayaw
Wu Jian
Zin
The Shining One
Beogh
Jiyva

Shops:
D:3 =   D:13 *   Orc:1 ?   Orc:2 ?*[(   Shoals:3 ((=*   Shoals:4 ?


Message History

The ironbound frostheart calls freezing cold from the walls.
The frost grips you.
* * * LOW HITPOINT WARNING * * *
You are encased in ice.
The yaktaur shoots a bolt.
The bolt hits you but does no damage.
There is an open door here.
The ice encasing you melts away.
You open the yaktaur like a pillowcase!!!
The yaktaur is almost dead.
You hear a shout!
The yaktaur unwields a +0 arbalest.
The yaktaur hits you!
* * * LOW HITPOINT WARNING * * *
You hit the yaktaur.
You kill the yaktaur!
Trog accepts your kill.
You chop the ironbound frostheart into pieces!!!
The ironbound frostheart's magic leaks into the air.
The ironbound frostheart is heavily wounded.
You hear a shout!
The ironbound frostheart completely misses you.
You slice the ironbound frostheart like a ripe choko!!!
You kill the ironbound frostheart!
Trog accepts your kill.
Trog appreciates your killing of a magic user.
You start resting.
An ironbound preserver comes into view. It is wielding a +0 morningstar.
An ironbound preserver is nearby!
The ironbound preserver barely misses you.
The ironbound preserver hits you but does no damage.
Things that are here:
a +0 ring mail; a +0 arbalest You slash the ironbound preserver!
The ironbound preserver's magic leaks into the air.
The ironbound preserver is lightly wounded.
The ironbound preserver completely misses you.
You slice the ironbound preserver!!
The ironbound preserver's magic leaks into the air.
The ironbound preserver is moderately wounded.
The ironbound preserver hits you with a +0 morningstar!!
You die...

..........# ..........#
..........# ..........#
..........# ....?.....#
..........# ........@.#
#########p###############
#.........)............
#........$)..†)........
#.........)))..........
#......................
#.......)..............
#.c...#################
p.....


You could see an ironbound preserver (magic disrupted).

Vanquished Creatures
  Jorgrun (D:13)
  An acid blob (Vaults:1)
  Kirke (Shoals:3)
  6 nagarajas
  A rockslime (Vaults:1)
  A frost giant (Vaults:2)
  The ghost of Kezitiso the Destroyer, a journeyman DsCj of Vehumet (D:13)
  2 vault wardens
  7 ironbound preservers
  The ghost of Deafoat the Quickloader, a journeyman GnHu of Hepliaklqana (D:15)
  2 orc warlords (Vaults:1)
  Aizul (Snake:1)
  A cacodemon (D:15)
  2 war gargoyles (Vaults:2)
  Nessos (Lair:5)
  A quicksilver ooze (Vaults:1)
  4 ironbound thunderhulks
  2 very ugly things (D:15)
  12 dire elephants
  A spark wasp (shapeshifter) (D:15)
  4 yaktaur captains
  12 merfolk impalers
  5 merfolk javelineers
  2 entropy weavers
  4 vault guards (Vaults:2)
  A rakshasa (D:15)
  Fannar (D:10)
  5 salamander tyrants
  5 hydras
  6 ogre magi
  Erolcha (D:10)
  A peacekeeper (Vaults:2)
  8 ironbound frosthearts
  3 catoblepae (Lair:5)
  2 merfolk avatars
  6 centaur warriors
  5 merfolk aquamancers
  8 boulder beetles
  An alligator snapping turtle (Shoals:4)
  2 death knights
  5 satyrs
  16 anacondas
  24 two-headed ogres
  11 death yaks
  A tengu warrior (D:15)
  An orc high priest (Orc:1)
  14 naga sharpshooters
  18 naga warriors
  4 shock serpents
  Sonja (D:12)
  6 salamander mystics
  5 skeletal warriors
  15 sea snakes
  13 deep trolls
  3 glowing orange brains (D:15)
  6 lindwurms
  9 naga ritualists
  8 orc knights
  21 harpies
  A necromancer (Vaults:2)
  5 wizards
  6 ironbound convokers
  9 mana vipers
  A deep elf pyromancer (D:13)
  Pikel (D:7)
  An orc sorcerer (Orc:1)
  16 manticores
  23 fauns
  18 cyclopes
  19 ugly things
  5 oklob plants (Lair:5)
  16 salamanders
  16 elephants
  13 merfolk sirens
  12 naga magi
  Joseph (D:7)
  Maurice (D:10)
  37 black mambas
  2 eyes of devastation (Vaults:1)
  7 guardian serpents
  A gargoyle (D:10)
  A cane toad (shapeshifter) (D:15)
  A water nymph (Shoals:2)
  3 torpor snails
  An ice statue (D:14)
  5 vault sentinels
  9 cane toads
  3 unseen horrors
  3 kobold demonologists (D:9)
  Maggie (D:7)
  4 rime drakes
  2 freezing wraiths
  11 komodo dragons
  31 yaktaurs
  3 tengu conjurers (D:15)
  4 trolls
  2 hornets
  6 wind drakes
  2 polar bears
  A wind drake (shapeshifter) (D:15)
  17 blink frogs
  20 merfolk
  Grinder (D:4)
  Prince Ribbit (D:7)
  A raiju (shapeshifter) (D:15)
  10 snapping turtles
  8 dream sheep
  Sigmund (D:3)
  20 slime creatures
  A jumping spider (shapeshifter) (Vaults:2)
  A centaur simulacrum (D:14)
  2 shadows
  5 water elementals
  3 wraiths
  2 hogs (Shoals:3)
  4 wyverns
  4 basilisks
  38 yaks
  2 basilisks (shapeshifter) (D:15)
  Grum (D:8)
  3 redbacks
  4 steam dragons
  6 vampire mosquitoes
  2 neqoxecs (D:15)
  Menkaure (D:6)
  3 two-headed ogre zombies (D:9)
  2 wargs (Orc:2)
  40 nagas
  A floating eye (Vaults:1)
  3 acid dragons
  10 water moccasins
  A sky beast (D:6)
  4 ice beasts (D:8)
  13 orc warriors
  5 black bears
  31 ogres
  4 boggarts (D:15)
  5 centaurs
  16 wolves
  3 lemures (D:7)
  3 kobold brigands (D:9)
  3 phantoms
  Blork the orc (D:6)
  11 bullfrogs
  A gnoll sergeant (D:8)
  4 scorpions
  A troll zombie (D:9)
  11 killer bees
  3 howler monkeys (D:11)
  8 electric eels
  3 lava snakes (Lair:2)
  4 hounds
  2 jellies (D:6)
  Ijyb (D:3)
  A hound (shapeshifter) (D:15)
  Crazy Yiuf (D:2)
  4 gnoll boudas
  17 orc priests
  3 iguanas
  16 orc wizards
  4 ogre zombies (D:9)
  Robin (D:3)
  21 gnolls
  4 adders
  A shadow imp (D:3)
  3 white imps
  2 ufetubi
  A worm (D:3)
  84 orcs
  6 bats
  10 endoplasms
  2 giant cockroaches
  18 goblins
  10 hobgoblins
  4 jackals
  12 kobolds
  7 quokkas
  7 ball pythons
  3 frilled lizards
  A goblin skeleton (D:9)
  A goblin zombie (D:9)
  4 hobgoblin skeletons (D:9)
  A hobgoblin zombie (D:9)
  7 orc skeletons (D:9)
  11 orc zombies (D:9)
  5 rats
  A bush (Lair:1)
  2 plants
1246 creatures vanquished.

Vanquished Creatures (collateral kills)
  The ghost of Wenn the Imperceptible, a veteran SpEn of Dithmenos (Vaults:1)
  A naga warrior (Snake:3)
  A naga sharpshooter (Snake:4)
  A salamander (Snake:3)
  A black mamba (Snake:3)
  2 naga magi
  A naga (Snake:4)
8 creatures vanquished.

Vanquished Creatures (others)
  An ufetubus (D:6)
  46 fungi
  312 plants
359 creatures vanquished.

Grand Total: 1613 creatures vanquished

Notes
Turn   | Place    | Note
-------+----------+-------------------------------------------
     0 | D:1      | Dartaoz the Hill Orc Berserker began the quest for the Orb.
     0 | D:1      | Reached XP level 1. HP: 19/19 MP: 1/1
   100 | D:1      | Reached XP level 2. HP: 27/27 MP: 2/2
   443 | D:1      | Reached skill level 4 in Fighting
   450 | D:1      | Reached XP level 3. HP: 32/33 MP: 3/3
  1363 | D:2      | Found a runed translucent door.
  1364 | D:2      | Noticed Crazy Yiuf
  1371 | D:2      | Killed Crazy Yiuf
  1372 | D:2      | Reached XP level 4. HP: 41/41 MP: 4/4
  1495 | D:3      | Found Yxeyt's Jewellery Boutique.
  1579 | D:3      | Noticed Sigmund
  1589 | D:3      | Reached ** piety under Trog
  1596 | D:3      | Killed Sigmund
  1597 | D:3      | Reached skill level 5 in Fighting
  1597 | D:3      | Reached skill level 5 in Axes
  1597 | D:3      | Reached XP level 5. HP: 35/48 MP: 5/5
  1597 | D:3      | Reached XP level 6. HP: 40/56 MP: 6/6
  1599 | D:3      | Identified the +0 helmet "Ijion" {rElec}
  1599 | D:3      | Noticed Robin
  1622 | D:3      | Killed Robin
  1836 | D:3      | Found an ornate altar of the Wu Jian Council.
  2091 | D:3      | Noticed Ijyb
  2101 | D:3      | Killed Ijyb
  2251 | D:3      | Found an ancient bone altar of Kikubaaqudgha.
  2479 | D:4      | Identified 3 scrolls of acquirement
  2479 | D:4      | Acquired the +4 cloak of Safie {Rampage rPois Int-5 SInv}
  2598 | D:4      | Found a burning altar of Makhleb.
  2674 | D:4      | Reached XP level 7. HP: 61/61 MP: 7/7
  2690 | D:4      | Noticed Grinder
  2696 | D:4      | Paralysed by Grinder for 3 turns
  2701 | D:4      | Killed Grinder
  2755 | D:4      | Found a staircase to the Ecumenical Temple.
  2887 | D:4      | Reached skill level 6 in Fighting
  2887 | D:4      | Reached *** piety under Trog
  2951 | D:4      | Reached skill level 5 in Armour
  3336 | D:5      | Entered Level 5 of the Dungeon
  3351 | D:5      | Reached XP level 8. HP: 71/71 MP: 8/8
  3604 | D:5      | Reached skill level 7 in Fighting
  4284 | D:6      | Noticed Menkaure
  4464 | D:6      | Killed Menkaure
  4465 | D:6      | Reached XP level 9. HP: 59/79 MP: 9/9
  4581 | D:6      | Noticed Blork the orc
  4582 | D:6      | Found a glowing silver altar of Zin.
  4589 | D:6      | Killed Blork the orc
  4600 | D:6      | Reached skill level 5 in Dodging
  4750 | D:6      | Reached **** piety under Trog
  4803 | D:6      | Reached skill level 8 in Fighting
  5283 | D:6      | Acquired the +11 broad axe of Gikon {drain, rPois Int+4
                  | SInv}
  5286 | D:6      | Acquired a manual of Axes
  5519 | D:7      | Found a hide-covered altar of Uskayaw.
  5609 | D:7      | Reached skill level 10 in Axes
  5657 | D:7      | Reached skill level 9 in Fighting
  5657 | D:7      | Reached XP level 10. HP: 46/91 MP: 10/10
  5917 | D:7      | Noticed Maggie
  5921 | D:7      | Killed Maggie
  6054 | D:7      | Noticed Joseph
  6067 | D:7      | Killed Joseph
  6068 | D:7      | Reached skill level 1 in Invocations
  6198 | D:7      | Noticed Pikel
  6209 | D:7      | Killed Pikel
  6668 | D:7      | Noticed Prince Ribbit
  6673 | D:7      | Killed Prince Ribbit
  7060 | D:8      | Reached skill level 10 in Fighting
  7099 | D:8      | Reached XP level 11. HP: 35/100 MP: 14/14
  7340 | D:8      | Noticed Grum
  7348 | D:8      | Reached skill level 5 in Invocations
  7354 | D:8      | Killed Grum
  7429 | D:8      | Found a staircase to the Lair.
  7803 | D:9      | Found a staircase to the Orcish Mines.
  7907 | D:9      | Reached ***** piety under Trog
  8574 | D:10     | Entered Level 10 of the Dungeon
  8574 | D:10     | Noticed Erolcha
  8581 | D:10     | Killed Erolcha
  8582 | D:10     | Reached skill level 11 in Fighting
  8700 | D:10     | Noticed Maurice
  8709 | D:10     | Killed Maurice
  8724 | D:10     | Noticed a two-headed ogre
  8730 | D:10     | Killed a two-headed ogre
  8731 | D:10     | Reached skill level 10 in Armour
  8924 | D:10     | Noticed a two-headed ogre
  8932 | D:10     | Killed a two-headed ogre
  8933 | D:10     | Reached XP level 12. HP: 110/110 MP: 17/17
  9000 | D:10     | Identified the amulet of Pantheism {Reflect Will- Dex+6
                  | SH+5}
  9133 | D:10     | Noticed Fannar
  9153 | D:10     | Killed Fannar
  9154 | D:10     | Reached skill level 15 in Axes
  9891 | D:11     | Noticed a two-headed ogre
  9896 | D:11     | Killed a two-headed ogre
 10130 | D:11     | Reached skill level 12 in Fighting
 10298 | D:11     | Found a glowing golden altar of the Shining One.
 10807 | Lair:1   | Entered Level 1 of the Lair of Beasts
 10929 | Lair:1   | Received a gift from Trog
 10958 | Lair:1   | Identified the +0 pair of boots of Nonas {rF+ rCorr}
 12083 | Lair:2   | Noticed an eight-headed hydra
 12089 | Lair:2   | Killed a six-headed hydra
 12095 | Lair:2   | Reached XP level 13. HP: 119/119 MP: 19/19
 12228 | Lair:2   | Found a staircase to the Shoals.
 12298 | Lair:2   | Found a staircase to the Snake Pit.
 12598 | Lair:2   | Reached skill level 13 in Fighting
 13781 | Lair:4   | Reached skill level 14 in Fighting
 14220 | Lair:5   | Entered Level 5 of the Lair of Beasts
 14227 | Lair:5   | Received a gift from Trog
 14234 | Lair:5   | Reached skill level 10 in Dodging
 14290 | Lair:5   | Reached XP level 14. HP: 132/132 MP: 20/20
 14860 | Lair:5   | Identified the +8 mace "Tilycuz" {flame, rElec Stlth+}
 15170 | Lair:5   | Noticed Nessos
 15171 | Lair:5   | Found a staircase to the Slime Pits.
 15171 | Lair:5   | Found a viscous altar of Jiyva.
 15175 | Lair:5   | Killed Nessos
 15176 | Lair:5   | Reached skill level 15 in Fighting
 16062 | Lair:5   | Identified the +1 leather armour of the Thunderstorm
                  | {+Blink rPois rC- Regen+}
 16319 | D:12     | Found a shadowy altar of Dithmenos.
 16629 | D:12     | Noticed Sonja
 16638 | D:12     | Killed Sonja
 16753 | D:12     | Reached skill level 16 in Fighting
 16753 | D:12     | Reached XP level 15. HP: 64/144 MP: 21/21
 17031 | D:12     | You fall into a shaft and drop 1 floor!
 17037 | D:13     | Noticed Jorgrun
 17047 | D:13     | Killed Jorgrun
 17265 | D:13     | Received a gift from Trog
 17277 | D:13     | Found Cuiraef's Overcharged Wands.
 17664 | D:12     | Reached skill level 15 in Armour
 18098 | D:13     | Found a runed translucent door.
 18100 | D:13     | Noticed Kezitiso's ghost (journeyman DsCj)
 18408 | D:13     | Killed Kezitiso's ghost
 18569 | Orc:1    | Entered Level 1 of the Orcish Mines
 18730 | Orc:2    | Entered Level 2 of the Orcish Mines
 18730 | Orc:2    | Found a gate leading to a gauntlet.
 18820 | Orc:2    | Found a roughly hewn altar of Beogh.
 19000 | Orc:2    | Identified the +7 executioner's axe of Trog's Hatred
                  | {antimagic, Dex+2} (Trog gifted it to you on level 2 of the
                  | Orcish Mines)
 19000 | Orc:2    | Received a gift from Trog
 19170 | Orc:2    | Found a staircase to the Elven Halls.
 19249 | Orc:2    | Found Mynaupp's Magic Scroll Emporium.
 19249 | Orc:2    | Found Feismaokk's Assorted Antiques.
 19249 | Orc:2    | Found Zupperr's Weapon Shoppe.
 19249 | Orc:2    | Found Mawkyeteu's Armour Shop.
 19264 | Orc:2    | Reached skill level 17 in Fighting
 19435 | Orc:2    | Bought a scroll of enchant weapon for 127 gold pieces
 19435 | Orc:2    | Bought a scroll of enchant weapon for 127 gold pieces
 19435 | Orc:2    | Bought a scroll of identify for 34 gold pieces
 19610 | Orc:1    | Found Ruatrata's Magic Scroll Shop.
 19623 | Orc:1    | Bought a scroll of identify for 20 gold pieces
 19623 | Orc:1    | Bought a scroll of identify for 20 gold pieces
 19623 | Orc:1    | Bought a scroll of enchant armour for 75 gold pieces
 19623 | Orc:1    | Bought a scroll of identify for 20 gold pieces
 20390 | D:14     | Found an iron altar of Okawaru.
 20535 | D:14     | Found a gate to the Vaults.
 20553 | D:14     | Received a gift from Trog
 20699 | D:14     | Reached XP level 16. HP: 146/155 MP: 22/22
 21168 | D:15     | Entered Level 15 of the Dungeon
 21206 | D:15     | Found a runed translucent gate.
 21206 | D:15     | Found a runed translucent gate.
 21296 | D:15     | Found a runed translucent gate.
 21789 | D:15     | Reached skill level 18 in Fighting
 22120 | D:15     | Found a staircase to the Depths.
 22504 | D:15     | Identified the +10 scale mail of the Ward {Regen+}
 22547 | D:15     | Received a gift from Trog
 22977 | D:15     | Found a runed translucent gate.
 22977 | D:15     | Found a runed translucent gate.
 22992 | D:15     | Found a runed translucent gate.
 22994 | D:15     | Noticed Deafoat's ghost (journeyman GnHu)
 23013 | D:15     | Killed Deafoat's ghost
 23279 | Snake:1  | Entered Level 1 of the Snake Pit
 23809 | Snake:1  | Noticed Aizul
 23834 | Snake:1  | Killed Aizul
 23835 | Snake:1  | Reached skill level 19 in Fighting
 23970 | Snake:1  | Reached XP level 17. HP: 165/168 MP: 7/23
 25274 | Snake:2  | Received a gift from Trog
 26151 | Snake:3  | HP: 8/170 [naga warrior/+0 scimitar (6)]
 26168 | Snake:3  | Reached skill level 20 in Fighting
 26470 | Snake:3  | Found the +4 Cigotuvi's embrace {rMiasma Drain rN+}
 26965 | Snake:4  | Entered Level 4 of the Snake Pit
 26967 | Snake:4  | Identified the +0 helmet "Hohieph" {rF+}
 27624 | Snake:4  | Reached XP level 18. HP: 179/179 MP: 0/24
 27721 | Snake:4  | Received a gift from Trog
 28193 | Snake:4  | Reached skill level 15 in Dodging
 28831 | Snake:4  | Reached skill level 21 in Fighting
 28852 | Snake:4  | Got a serpentine rune of Zot
 28992 | Shoals:1 | Entered Level 1 of the Shoals
 29875 | Shoals:1 | Received a gift from Trog
 30632 | Shoals:2 | Reached skill level 10 in Invocations
 30660 | Shoals:2 | Found a runed translucent door.
 30912 | Shoals:2 | Reached XP level 19. HP: 189/189 MP: 8/26
 30919 | Shoals:2 | Acquired 813 gold pieces
 31712 | Shoals:3 | Found Faadul's Weapon Boutique.
 31983 | Shoals:3 | Found a flickering gateway to a bazaar.
 31999 | Bazaar   | Entered a bazaar
 32003 | Bazaar   | Found Guph's Jewellery Boutique.
 32009 | Bazaar   | Bought a +6 ring of strength for 648 gold pieces
 32025 | Bazaar   | Found Xinefe's Antique Weapon Emporium.
 32046 | Bazaar   | Found Nihil's Book Boutique.
 32066 | Bazaar   | Found Vofunyl's Book Shoppe.
 32173 | Shoals:3 | Noticed Kirke
 32186 | Shoals:3 | Killed Kirke
 32365 | Shoals:3 | Found Seim's General Store.
 32368 | Shoals:3 | Bought a potion of curing for 42 gold pieces
 32368 | Shoals:3 | Bought a potion of heal wounds for 70 gold pieces
 32380 | Shoals:3 | Found Towaohauxt's Jewellery Shoppe.
 32390 | Shoals:3 | Bought the amulet "Pegg" {Spirit rF+ Str+6} for 679 gold
                  | pieces
 32390 | Shoals:3 | Bought a ring of protection from fire for 300 gold pieces
 32532 | Shoals:3 | Found Sedauron's Antique Weapon Shoppe.
 32618 | Shoals:3 | Received a gift from Trog
 32620 | Shoals:3 | Identified the +0 scale mail of Watchfulness {rPois Will+}
 32723 | Shoals:4 | Entered Level 4 of the Shoals
 32842 | Shoals:4 | Identified the +3 plate armour of the Blizzard {rF- rC+
                  | Dex+3}
 33260 | Shoals:4 | Found Buitefal's Magic Scroll Shoppe.
 33818 | Shoals:4 | Got a barnacled rune of Zot
 34350 | Vaults:1 | Entered Level 1 of the Vaults
 34523 | Vaults:1 | Reached ****** piety under Trog
 34581 | Vaults:1 | Received a gift from Trog
 34582 | Vaults:1 | Reached skill level 22 in Fighting
 35090 | Vaults:1 | Reached XP level 20. HP: 200/200 MP: 9/29
 35257 | Vaults:1 | Found a runed translucent gate.
 35257 | Vaults:1 | Found a runed translucent gate.
 35257 | Vaults:1 | Found a runed translucent gate.
 35257 | Vaults:1 | Noticed Wenn's ghost (veteran SpEn)
 35260 | Vaults:1 | Found a viscous altar of Jiyva.
 35270 | Vaults:1 | Paralysed by a floating eye for 3 turns
 35328 | Vaults:1 | HP: 10/200 [Wenn's ghost (20)]
 35331 | Vaults:1 | Killed Wenn's ghost
 36611 | Vaults:2 | Received a gift from Trog
 37553 | Vaults:2 | HP: 8/202 [yaktaur (11)]
 37561 | Vaults:2 | Slain by an ironbound preserver

Illustrated notes

Levels and vault maps discovered:
D:1:      scummos_arrival_checkerplants, layout_basic, serial_curves,
          eino_curves_02, eino_curves_01
D:2:      layout_rooms, uniq_crazy_yiuf_cottage
D:3:      layout_basic, mainiacjoe_overflow_large_starburst, serial_shops,
          nicolae_shop_crystal, uniq_sigmund, uniq_ijyb, uniq_robin
D:4:      layout_gridville, bloody_makhleb, minmay_temple_entry_water_ring,
          uniq_grinder
D:5:      layout_loops_ring, minmay_misc_feat_columns,
          chequers_serial_rivers_small_a, kennysheep_generic_room_8
D:6:      layout_basic, amcnicky_altar_gilded, moated_statue, lightli_minifort,
          uniq_blork_the_orc, uniq_menkaure
D:7:      layout_layer_cave, mainiacjoe_overflow_small_starburst,
          dreamdust_mushroom_princess, uniq_joseph, uniq_pikel, uniq_maggie,
          uniq_prince_ribbit1
D:8:      layout_rooms, hellmonk_lair_entry_icy, uniq_grum
D:9:      layout_basic, zombieorc2_lemuel, minmay_misc_feat_ornament
D:10:     layout_roguey, serial_bayou_lagoon_b, uniq_fannar, uniq_erolcha,
          uniq_maurice
D:11:     layout_loops_ring, special_room [special_room_orc],
          nicolae_tso_carved_into_rock
D:12:     layout_basic, nicolae_dithmenos_through_a_glass_darkly, uniq_sonja
D:13:     layout_basic, gammafunk_ghost_grave, nicolae_shop_overcharged_wands,
          uniq_jorgrun
D:14:     layout_roguey, skrybe_vaults_entry_preservation,
          portal_ice_cave_entry_ice_statue_one, okawaru_metal_pillars_3
D:15:     gammafunk_enter_depths_forms, layout_basic, nicolae_two_hexagons,
          ploomutoo_gammafunk_ghost_potion_laboratory, minmay_lindwurm_lava
Lair:1:   layout_regular_city, minivault_11, st_stairs_8,
          minmay_stone_trees_small, cheibrodos_lair_caveside_slide,
          wad_woods_06, serial_bayou_shore_a
Lair:2:   layout_regular_city, minmay_shoals_entry_centaurs,
          nicolae_snake_entry_warm_welcome
Lair:3:   layout_concentric_octagons, grunt_megastairs_5
Lair:4:   layout_misc_corridors, serial_bayou_lagoon_a
Lair:5:   evilmike_catoblepas_cave, layout_regular_city,
          minmay_slime_entry_oklob_open, pdpol_lair_cavern_descent, uniq_nessos
Shoals:1: layout_shoals, hangedman_shoals_cup_caves
Shoals:2: nicolae_shoals_offshore_bank_account, layout_shoals, serial_shops,
          bzr_firewalk, st_cyclops
Shoals:3: layout_shoals, serial_shops, bzr_entry_islet, shop,
          nicolae_shop_behind_doors, shop, shop, uniq_kirke
Shoals:4: shoals_end_grunt_garden, layout_shoals, serial_shops, shop
Snake:1:  nicolae_snake_crotalidae_crossing, layout_onion, uniq_aizul
Snake:2:  layout_gridlike, chequers_hall_statues_y, statue_in_the_mist_lemuel
Snake:3:  layout_onion_interference
Snake:4:  grunt_snake_rune_serpentine_throne, layout_cave_town, library_closet,
          corexii_hall_statues_deadend
Orc:1:    layout_caves, serial_shops, shop
Orc:2:    st_orc_ogre_mass, layout_diamond_mine, gauntlet_entry_generic,
          basic_altar
Vaults:1: gammafunk_ghost_ooze, hangedman_vaults_snaps,
          vaults_room_stairs_pillars, hangedman_vaults_nails,
          vaults_dpeg_spiral, vaults_mumra_chevron, vaults_dpeg_ring,
          vaults_room_pool, nicolae_vaults_shelves_hall, vaults_room_grid,
          v_misc_9, ontoclasm_vaults_ring_large, ontoclasm_vaults_fault,
          hangedman_vaults_locks, layout_vaults_maze_bifur
Vaults:2: v_pattern_5, nicolae_vaults_little_squares_2, vaults_room_large_hall,
          nicolae_vaults_network_star, st_squares, v_misc_15,
          minmay_crypt_entry_simple_sparse, v_misc_26, ontoclasm_vaults_chip,
          vaults_room_octagon, nicolae_vaults_little_ls, nicolae_vaults_theta,
          vaults_room_stairs_pillars, vaults_dpeg_encased_lava,
          layout_vaults_ring, uniq_margery, uniq_sojobo, uniq_bai_suzhen

Skill      XL: |  1  2  3  4  5  6  7  8  9 10 11 12 13 14 15 16 17 18 19 20 |
---------------+-------------------------------------------------------------+-----
Fighting       | 4 5 6 7 9 10 11 12 14 16 17 19 20 21 22 | 22.7
Dodging        | 2 3 4 5 6 7 8 10 11 12 13 14 15 16 | 16.5
Armour         | 3 4 5 6 7 9 10 11 12 14 16 17 18 19 20 | 20.9
Axes           | 5 6 7 8 10 12 14 16 18 19 20 | 20.4
Invocations    | 4 7 9 10 12 13 | 13.7

Action                   |  1- 3 |  4- 6 |  7- 9 | 10-12 | 13-15 | 16-18 | 19-21 || total
-------------------------+-------+-------+-------+-------+-------+-------+-------++-------
Melee: Hand axe          |    64 |       |   182 |       |       |       |       ||   246
       War axe           |    28 |   101 |    28 |       |       |       |       ||   157
       Punch             |     1 |       |     2 |     6 |     1 |       |       ||    10
       Broad axe         |       |       |    23 |   407 |   117 |       |       ||   547
       Unarmed           |       |       |       |     6 |       |       |       ||     6
       Battleaxe         |       |       |       |     6 |   457 |    47 |       ||   510
       Executioner's axe |       |       |       |       |    55 |  1026 |   779 ||  1860
Invok: Berserk           |     3 |     2 |    10 |    18 |    23 |    29 |    21 ||   106
       Trog's Hand       |       |       |       |       |     1 |     9 |     7 ||    17
       Brothers in Arms  |       |       |       |       |       |     3 |     2 ||     5
  Use: Scroll            |       |     3 |    10 |     6 |    17 |    17 |     1 ||    54
       Potion            |       |       |       |     1 |     2 |     8 |     5 ||    16
 Stab: Distracted        |       |       |       |       |       |     1 |       ||     1
Armor: Chain mail        |    42 |    55 |   117 |   136 |       |       |       ||   350
       Animal skin       |     1 |       |       |       |       |       |       ||     1
       Plate armour      |       |       |       |    23 |   353 |   719 |   572 ||  1667
Dodge: Dodged            |    30 |    40 |    89 |   169 |   235 |   618 |   481 ||  1662
Block: Other             |       |       |       |    36 |   102 |   275 |   170 ||   583
       Reflection        |       |       |       |     3 |     8 |    32 |    25 ||    68

Table legend: (Time is in decaauts)
 A = Elapsed time spent in this place.
 B = Non-inter-level travel time spent in this place.
 C = Inter-level travel time spent in this place.
 D = Time resting spent in this place.
 E = Time spent auto-exploring this place.
 F = Levels seen in this place.
 G = Mean time per level.
                   A        B        C        D        E       F      G
               +--------+--------+--------+--------+--------+-----+--------+
         Total |  38299 |  36564 |   1735 |   6306 |  24220 |  33 | 1160.6 |
       Dungeon |  16847 |  15933 |    914 |   3077 |  10335 |  15 | 1123.1 |
          Lair |   5595 |   5183 |    412 |    570 |   3911 |   5 | 1119.0 |
        Shoals |   5196 |   5088 |    108 |    373 |   3621 |   4 | 1299.0 |
     Snake Pit |   5781 |   5627 |    154 |   1306 |   3356 |   4 | 1445.2 |
  Orcish Mines |   1514 |   1396 |    118 |    304 |    905 |   2 |  757.0 |
        Vaults |   3260 |   3233 |     27 |    674 |   2008 |   2 | 1630.0 |
        Bazaar |    103 |    103 |      0 |      0 |     83 |   1 |  103.0 |
               +--------+--------+--------+--------+--------+-----+--------+

Top non-repeatable levels by time:
Vaults:1: 2283 daAuts
 Snake:4: 1977 daAuts
    D:15: 1964 daAuts
  Lair:5: 1940 daAuts
     D:7: 1637 daAuts
Shoals:2: 1447 daAuts
 Snake:2: 1418 daAuts
Shoals:1: 1411 daAuts
Shoals:4: 1384 daAuts
 Snake:3: 1381 daAuts
    D:12: 1340 daAuts
    D:10: 1262 daAuts
  Lair:1: 1232 daAuts
    D:11: 1229 daAuts
     D:9: 1087 daAuts
